 Dungeon Crawl Stone Soup version bcrawl-1.37.1 (webtiles) character file.

Game seed: 9516351960102092880

116048 AVPDCSS the Ducker (level 4, 0/33 HPs)
             Began as a Merfolk Archaeologist on Oct 12, 2022.
             Slain by a worm (8 damage)
             ... on level 3 of the Dungeon.
             The game lasted 00:02:47 (1650 turns).

AVPDCSS the Ducker (Merfolk Archaeologist)          Turns: 1650, Time: 00:02:48

Health: 0/33       AC:  6    Str: 12    XL:     4   Next: 2%
Magic:  4/4        EV: 14    Int: 13    God:
Gold:   101        SH:  0    Dex: 13    Spells: 3/3 levels left

rFire    . . .     GDR:     26% a - +0 whip
rCold    . . .     SeeInvis .   (no shield)
rNeg     . . .     Gourm    .   c - +1 robe
rPois    .         Faith    .   d - +1 hat
rElec    .         Spirit   .   (no cloak)
rCorr    .         Reflect  .   (no gloves)
MR       .....                  m - +1 pair of boots
Stlth    ++++......             (no amulet)
HPRegen  0.15/turn              t - ring of stealth
MPRegen  0.09/turn              (no ring)

@: no status effects
A: change form in water, swift swim, stealthy swim
a: no special abilities


You were on level 3 of the Dungeon.
You were hungry.

You visited 1 branch of the dungeon, and saw 3 of its levels.

You collected 101 gold pieces.

Inventory:

Hand Weapons
 a - a +0 whip (weapon)
 b - a +0 blowgun
Missiles
 f - 6 curare-tipped needles
Armour
 c - a +1 robe (worn)
 d - a +1 hat (worn)
 m - a +1 pair of boots (worn)
Jewellery
 t - a ring of stealth (left hand)
Scrolls
 g - a scroll of magic mapping
 j - a scroll of remove curse {unknown}
 n - a scroll of enchant armour {unknown}
 o - a scroll of fear {unknown}
 q - a scroll of amnesia {unknown}
 r - a scroll of teleportation {unknown}
 u - a scroll of enchant weapon {unknown}
Potions
 i - a potion of haste {unknown}
 l - a potion of flight {unknown}
 p - 2 potions of curing {unknown}
 s - a potion of lignification {unknown}
Miscellaneous
 h - a dusty tome
Comestibles
 e - 3 rations {!d}


   Skills:
 + Level 2.2 Fighting
 - Level 1.0 Maces & Flails
 + Level 1.1 Armour
 + Level 4.8 Dodging
 - Level 4.0 Stealth


You had 3 spell levels left.
You didn't know any spells.
Your spell library was empty.

Dungeon Overview and Level Annotations

Branches:
Dungeon (3/12)

Altars:
Dithmenos
Gozag


Message History

You barely miss the orc. The orc hits you with a +0 hand axe.
You barely miss the orc. The orc closely misses you.
The orc hits you with a +0 hand axe.
You closely miss the orc. You hit the orc.
The orc is severely wounded.
The orc misses you.
You hit the orc.
You kill the orc!
You have reached level 4!
You hit the worm.
The worm is lightly wounded.
You hit the worm.
The worm is heavily wounded.
The worm bites you.
* * * LOW HITPOINT WARNING * * *
You hit the worm.
The worm is heavily wounded.
The worm bites you!
You die...

#.### .#. #...## ..# ...
.....##.# #.# ... #<#.>...# #.#
... #......######### ... .<.
#.##..##.......# #.# ...
#.##..##.......# #.# #######...
......##.......#####.###.........
...#####.......w@.##.............
#.#.## #.......##.##)###.........
#.##.###.......##......#######...
#..##.##.......##......# ...
##.#.############.##.#.# ...
#..## #.....÷..#..#.# ...
.#.#######.#####..#.##.# ...
#......>.#.#####..#)##.# .
########.†....##...<...#


You could see a worm.

Vanquished Creatures
  An adder (D:3)
  A worm (D:3)
  A dart slug (D:3)
  4 leopard geckos
  2 orcs (D:3)
  2 giant cockroaches
  4 goblins (D:1)
  5 hobgoblins
  4 kobolds
  2 ball pythons
  3 bats (D:1)
  4 frilled lizards
  4 rats
37 creatures vanquished.

Notes
Turn   | Place    | Note
-------+----------+-------------------------------------------
     0 | D:1      | AVPDCSS the Merfolk Archaeologist began the quest for the
                  | Orb.
     0 | D:1      | Reached XP level 1. HP: 15/15 MP: 1/1
   398 | D:1      | Reached skill level 1 in Maces & Flails
   398 | D:1      | Reached XP level 2. HP: 21/21 MP: 2/2
   940 | D:2      | Found a shadowy altar of Dithmenos.
   976 | D:2      | Found a faded altar of an unknown god.
   988 | D:2      | Reached XP level 3. HP: 25/27 MP: 3/3
  1116 | D:2      | Found an opulent altar of Gozag.
  1468 | D:3      | Reached skill level 1 in Armour
  1648 | D:3      | Reached XP level 4. HP: 14/33 MP: 4/4
  1650 | D:3      | Slain by a worm

Skill      XL: |  1  2  3 |
---------------+----------+-----
Maces & Flails | 1 |  1.0
Stealth        | 4 |  4.0
Fighting       | 2 |  2.2
Armour         | 1 |  1.1
Dodging        | |  4.8

Action                   |  1- 3 |  4- 6 || total
-------------------------+-------+-------++-------
Melee: Whip              |   181 |     3 ||   184
  Use: Scroll            |     1 |       ||     1
 Stab: Sleeping          |     9 |       ||     9
  Eat: Chunk             |     7 |       ||     7
Armor: Robe              |    48 |       ||    48
Dodge: Dodged            |   110 |       ||   110
